 Zot Defence DCSS version 0.15-a0-2102-gacb6860 (webtiles) character file.

204 N00bl0rd the Covered (level 5, -11/33 HPs)
             Began as a Gargoyle Fighter on July 15, 2014.
             Mangled by a warg (12 damage)
             ... in the Realm of Zot (Scenario V: Glassed Sandwich).
             The game lasted 00:02:31 (635 turns).

N00bl0rd the Covered (Gargoyle Fighter)              Turns: 635, Time: 00:02:31

HP -11/33        AC 11     Str 20      XL: 5   Next: 82%
MP   5/5         EV  6     Int  9      God:
Gold 0           SH  9     Dex  9      Spells:  0 memorised,  4 levels left

rFire  . . .     SeeInvis .     a - +0 war axe
rCold  . . .     Clarity  .     b - +0 scale mail
rNeg   + . .     rCorr    .     c - +0 shield
rPois  +         rRot     +     (no helmet)
rElec  +         Spirit   .     (no cloak)
SustAb .         Warding  .     (no gloves)
rMut   .         Stasis   .     (no boots)
Gourm  .                        (no amulet)
MR     .....                    (no ring)
                                (no ring)

@: not resistant to hostile enchantments, extremely unstealthy
A: negative energy resistance 1, electricity resistance, unbreathing,
petrification resistance, rot immunity, AC +4
a: Make oklob sapling, Make arrow trap, Make plant, Remove Curse, Make burning
bush


You were in the Realm of Zot.
You were not hungry.

You visited 1 branch

Inventory:

Hand weapons
 a - a +0 war axe (weapon)
Armour
 b - a +0 scale mail (worn)
 c - a +0 shield (worn)
Comestibles
 f - a bread ration
Scrolls
 k - a scroll of blinking
Potions
 d - 3 potions of curing
 e - a potion of might
 g - a potion of heal wounds
 h - a potion of haste
 i - 2 potions of magic
 j - a potion of berserk rage


   Skills:
 + Level 3.8 Fighting
 * Level 3.1 Axes
 + Level 4.1 Armour
 * Level 2.1 Dodging
 + Level 4.0 Shields


You had 4 spell levels left.
You didn't know any spells.

Dungeon Overview and Level Annotations

Branches:
    Zot (1/1)

Altars:


Innate Abilities, Weirdness & Mutations

You are resistant to torment.
You are immune to poison.
Your stone body is very resilient (AC +4).
You resist negative energy.
You are resistant to electric shocks.
You can survive without breathing.
You are immune to petrification.
You are immune to rotting.


Message History

You closely miss the warg. You hit the jackal but do no damage.
The jackal closely misses you. The warg bites you but does no damage.
The jackal bites you but does no damage.
The warg bites you but does no damage.
Unknown command.
You slash the warg!
The warg is lightly wounded.
You closely miss the jackal. You block the jackal's attack.
Your oklob sapling spits acid at the warg.
The splash of acid hits the warg.
The warg writhes in agony as its flesh is eaten away!
The jackal bites you but does no damage.
The warg bites you but does no damage.
The jackal bites you but does no damage.
Your shield and scale mail prevent you from hitting the jackal.
You barely miss the jackal. You barely miss the warg.
The warg is moderately wounded.
The jackal bites you but does no damage.
The warg bites you!
You die...

▓▓▓▓▓▓▓▓▓▓▓▓▓▓▓▓▓▓▓▓▓▓▓▓▓▓▓▓▓▓▓▓▓
.................................
..............▓▓.▓▓..............
.............▓▓...▓▓.............
............▓▓.%...▓▓............
...........▓▓.......▓▓...........
..........▓▓...))....▓▓..........
▓▓▓▓▓▓▓▓▓▓▓....%hh....▓▓▓▓▓▓▓▓▓▓▓
∆∆∆∆∆∆▓▓▓▓▓▓▓▓▓P@.▓▓▓▓▓▓▓▓∆∆∆∆∆∆∆
▓▓▓▓▓▓▓▓▓▓▓.....h.....▓▓▓▓▓▓▓▓▓▓▓
..........▓▓....h....▓▓..........
...........▓▓.......▓▓...........
............▓▓.....▓▓............
.............▓▓.).▓▓.............
..............▓▓.▓▓..............
.................................
▓▓▓▓▓▓▓▓▓▓▓▓▓▓▓▓▓▓▓▓▓▓▓▓▓▓▓▓▓▓▓▓▓


You could see a warg (bleeding), 3 jackals and a friendly oklob sapling.

Vanquished Creatures
  A big kobold (Zot)
  An ooze (Zot)
  An orc (Zot)
  3 ball pythons (Zot)
  A giant cockroach (Zot)
  2 goblins (Zot)
  4 jackals (Zot)
  A bat (Zot)
  A giant newt (Zot)
  4 kobolds (Zot)
  9 rats (Zot)
28 creatures vanquished.

Vanquished Creatures (collateral kills)
  A giant gecko (Zot)
  2 hobgoblins (Zot)
  3 jackals (Zot)
  6 bats (Zot)
  2 giant newts (Zot)
  4 goblins (Zot)
  6 kobolds (Zot)
  6 rats (Zot)
  A rat skeleton (Zot)
31 creatures vanquished.

Grand Total: 59 creatures vanquished

Notes
Turn   | Place    | Note
--------------------------------------------------------------
     0 | Zot      | N00bl0rd, the Gargoyle Fighter, began the quest for the Orb.
     0 | Zot      | Reached XP level 1. HP: 14/14 MP: 1/1
   246 | Zot      | Reached XP level 2. HP: 16/19 MP: 2/2
   303 | Zot      | Reached skill level 1 in Dodging
   303 | Zot      | Reached XP level 3. HP: 13/23 MP: 3/3
   434 | Zot      | Reached XP level 4. HP: 23/28 MP: 4/4
   464 | Zot      | Noticed Zoleo
   479 | Zot      | Killed Zoleo the big kobold
   479 | Zot      | Reached skill level 4 in Armour
   479 | Zot      | Reached XP level 5. HP: 20/33 MP: 5/5
   626 | Zot      | Noticed a warg
   632 | Zot      | HP: 1/33 [warg (13)]
   635 | Zot      | Mangled by a warg

Action                   |  1- 3 |  4- 6 || total
-------------------------+-------+-------++-------
Melee: War axe           |    47 |    25 ||    72
 Abil: Make oklob saplin |     1 |       ||     1
